 Dungeon Crawl Stone Soup version 0.24.1-4-ge52af88ad5 (webtiles) character file.

Game seed: 3796830502157330302, levelgen mode: deterministic

53 MajorAdolf the Covered (level 3, -1/28 HPs)
             Began as a Naga Wanderer on Apr 14, 2020.
             Slain by Sigmund
             ... wielding a +0 scythe
              (12 damage)
             ... on level 2 of the Dungeon.
             The game lasted 00:03:45 (1058 turns).

MajorAdolf the Covered (Naga Wanderer)              Turns: 1058, Time: 00:03:45

Health: -1/28      AC:  4    Str: 14    XL:     3   Next: 89%
Magic:  4/4        EV:  8    Int: 14    God:
Gold:   24         SH:  0    Dex:  9    Spells: 3/4 levels left

rFire    . . .     SeeInvis +   a - +0 hand crossbow
rCold    . . .     Gourm    .   (no shield)
rNeg     . . .     Faith    .   l - +0 ring mail
rPois    +         Spirit   .   (no helmet)
rElec    .         Reflect  .   (no cloak)
rCorr    .         Harm     .   (no gloves)
MR       .....                  (no barding)
Stlth    +.........             (no amulet)
HPRegen  0.09/turn              (no ring)
MPRegen  0.09/turn              (no ring)

@: short of breath, very slow
A: large, see invisible, deformed body, poison resistance, slowness 2, slow
metabolism 1, spit poison 1, AC +1
a: Spit Poison


You were on level 2 of the Dungeon.
You were hungry.

You visited 1 branch of the dungeon, and saw 2 of its levels.

You collected 24 gold pieces.

Inventory:

Hand Weapons
 a - a +0 hand crossbow (weapon)
Missiles
 c - 27 bolts (quivered)
Armour
 e - a +0 robe
 l - a +0 ring mail (worn)
Jewellery
 i - a +2 ring of evasion {unknown}
Wands
 d - a wand of random effects (5)
Scrolls
 g - 2 scrolls of blinking {unknown}
 h - 2 scrolls of identify {unknown}
 j - a scroll of remove curse {unknown}
 n - a scroll of fog {unknown}
Potions
 b - a potion of degeneration {unknown}
 k - a potion of mutation {unknown}
 m - a potion of brilliance {unknown}
Comestibles
 f - 3 rations


   Skills:
 + Level 3.9 Armour
 - Level 1.5 Stealth
 - Level 1.0 Spellcasting
   Level 1.0 Hexes
 - Level 3.0 Air Magic
 - Level 1.0 Evocations


You had 3 spell levels left.
You knew the following spells:

 Your Spells              Type           Power        Failure   Level  Hunger
a - Shock                 Conj/Air       #...         26%         1    ##.....

Your spell library contained the following spells:

 Spells                   Type           Power        Failure   Level  Hunger
 Swiftness                Chrm/Air       #.......     38%         2    ###....
 Static Discharge         Conj/Air       #.......     63%         3    ####...
 Airstrike                Air            #.........   82%         4    #####..
 Lightning Bolt           Conj/Air       #.........   100%        5    ######.


Dungeon Overview and Level Annotations

Branches:
Dungeon (2/15)

Altars:

Annotations:
D:2 Sigmund


Innate Abilities, Weirdness & Mutations

You cannot wear boots.
Your serpentine skin is tough. (AC +1)
You have supernaturally acute eyesight. (SInv)
Armour fits poorly on your strangely shaped body.
Your system is resistant to poisons. (rPois)
You cover ground very slowly.
You have a slow metabolism.
You can spit poison.


Message History

Aiming: Random Effects
Press: ? - help, Shift-Dir - straight line, f/p - Sigmund
Aim: Sigmund, wielding a +0 scythe and wearing a +0 robe (almost dead, slightly transparent) Sigmund seems to slow down.
Sigmund casts a spell at you. The puff of flame hits you!
Evoke which item? (* to show all) (? for menu, Esc to quit)
Aiming: Random Effects
Press: ? - help, Shift-Dir - straight line, f/p - Sigmund
Aim: Sigmund, wielding a +0 scythe and wearing a +0 robe (almost dead, slow, slightly transparent) Sigmund twists and deforms.
Sigmund gestures at you while chanting. The magic dart hits you.
Evoke which item? (* to show all) (? for menu, Esc to quit)
Aiming: Random Effects
Press: ? - help, Shift-Dir - straight line, f/p - Sigmund
Aim: Sigmund, wielding a +0 scythe and wearing a +0 robe (severely wounded, slow, slightly transparent, misshapen and mutated)
The bolt of negative energy misses Sigmund.
Sigmund hits you from afar with a +0 scythe!
You die...

............ #...........
#..........# #..........# ?
#......=...#
.......#........@.######
(.......................
......)#........@.###
#........(......<...#####
....?...................####
.........................#..
.....(.##...................#
......†#..................#.##.
....!#..<.................#.....
.......#.....................#%#
.........................>).....


You could see Sigmund (invisible).

Vanquished Creatures
  An adder (D:2)
  2 leopard geckos (D:1)
  A ball python (D:1)
  6 giant cockroaches (D:1)
  3 goblins (D:1)
  5 hobgoblins
  6 jackals (D:1)
  3 kobolds
  5 bats (D:1)
  2 frilled lizards (D:1)
  3 rats (D:1)
37 creatures vanquished.

Notes
Turn   | Place    | Note
-------+----------+-------------------------------------------
     0 | D:1      | MajorAdolf the Naga Wanderer began the quest for the Orb.
     0 | D:1      | MajorAdolf set off with the following items: a +0 hand
                  | crossbow, 26 bolts, a wand of random effects (15), a +0
                  | robe, a ration; and the following spell memorised: Shock;
                  | and the following spells available to memorise: Swiftness,
                  | Static Discharge, Airstrike, Lightning Bolt
     0 | D:1      | Reached XP level 1. HP: 15/15 MP: 2/2
    34 | D:1      | Reached XP level 2. HP: 21/22 MP: 3/3
   224 | D:1      | Reached XP level 3. HP: 28/28 MP: 4/4
   710 | D:2      | Noticed Sigmund
  1058 | D:2      | Slain by Sigmund

Levels and vault maps discovered:
D:1:      noname_arrival_rooms_in_the_neighbourhood, layout_rooms
D:2:      layout_rooms, nicolae_overflow_crystal_walls, uniq_sigmund,
          uniq_crazy_yiuf_cottage

Skill      XL: |  1  2 |
---------------+-------+-----
Armour         | 3 |  3.9
Stealth        | |  1.5
Spellcasting   | |  1.0
Hexes          | |  1.0
Air Magic      | |  3.0
Evocations     | |  1.0

Action                   || total
-------------------------++-------
 Fire: Hand crossbow     ||    86
 Abil: Spit Poison       ||    19
Evoke: Wand              ||    10
Armor: Robe              ||     8
       Ring mail         ||    15
Dodge: Dodged            ||    26
